Map: Neon Violet Square LE

Players

XelDanieck - Winner!

  • Race: Protoss Protoss
  • League: Platinum
  • Spawn Location: 11:00

Juxtapose

  • Race: Protoss Protoss
  • League: Platinum
  • Spawn Location: 5:00

VOD

https://youtu.be/3vevO61nkvg

Description

This match was fun and very, very close. What a base trade!

I still need to watch the Replay to see where my opponent's final Nexus was.

Time

  • Played on: Feb. 25, 2018, 11:18 a.m.
  • Length: 12:47
Show
View Real Time Build Order
Export as new Build Order

XelDanieck Protoss - Winner!

Build Orders:  

Get SALT Encoding   

  12  0:01  Probe  
  13  0:13  Probe  
  14  0:20  Pylon  
  14  0:25  Probe  
  15  0:38  Probe  
  15  0:42  Gateway  
  16  0:50  Probe (Chrono Boost)  
  16  0:52  Assimilator  
  16  0:56  Assimilator  
  17  1:03  Probe (Chrono Boost)  
  18  1:09  Probe (Chrono Boost)  
  19  1:13  Gateway  
  19  1:17  Probe  
  20  1:29  Probe  
  20  1:30  Cybernetics Core  
  21  1:39  Pylon  
  21  1:41  Probe  
  22  1:53  Probe  
  23  2:07  Stalker x2  
  27  2:10  Warp Gate  
  27  2:16  Gateway  
  27  2:32  Pylon  
  27  2:44  Stalker x2  
  31  2:51  Twilight Council  
  31  2:56  Pylon  
  31  3:03  Stalker  
  17  4:32  Stalker  
  17  4:33  Stalker  
  17  4:34  Stalker  
  19  4:57  Nexus  
  19  5:00  Pylon  
  19  5:02  Dark Shrine  
  19  5:05  Probe (Chrono Boost)  
  21  5:15  Probe (Chrono Boost)  
  21  5:20  Probe (Chrono Boost)  
  22  5:31  Probe  
  23  5:43  Probe (Chrono Boost)  
  24  5:56  Probe (Chrono Boost)  
  25  6:03  Probe (Chrono Boost)  
  26  6:14  Dark Templar x3  
  32  6:24  Probe  
  33  6:36  Probe  
  33  6:37  Probe  
  34  6:48  Probe  
  34  7:00  Stalker x3  
  40  7:48  Dark Templar x2  
  42  7:54  Probe x2  
  44  8:06  Probe x2  
  40  8:14  Dark Templar  
  40  8:18  Probe  
  32  8:59  Stalker  
  32  9:00  Stalker  
  36  9:03  Stalker  
  32  9:31  Pylon  
  32  9:37  Pylon  
  32  9:45  Pylon  
  32  9:58  Nexus  
  32  10:02  Pylon  
  30  10:45  Pylon  
  30  10:54  Pylon  
  30  11:04  Pylon  
Show
View Real Time Build Order
Export as new Build Order

Juxtapose Protoss 

Build Orders: Oracle Opening 

Get SALT Encoding   

  12  0:01  Probe  
  13  0:13  Probe  
  14  0:23  Pylon  
  14  0:25  Probe  
  15  0:41  Probe  
  16  0:42  Gateway  
  16  0:53  Probe  
  17  0:58  Assimilator  
  17  1:05  Probe  
  17  1:06  Pylon  
  18  1:11  Assimilator  
  18  1:17  Probe  
  19  1:29  Probe  
  19  1:31  Cybernetics Core  
  20  1:38  Zealot  
  22  1:41  Probe  
  23  1:53  Probe  
  24  2:03  Pylon  
  24  2:06  Probe  
  25  2:10  Stargate  
  25  2:17  Warp Gate  
  25  2:39  Nexus  
  25  2:53  Oracle (Chrono Boost)  
  27  3:02  Stalker (Chrono Boost)  
  29  3:12  Shield Battery  
  29  3:14  Shield Battery  
  29  3:19  Gateway  
  29  3:30  Stalker (Chrono Boost)  
  27  3:48  Void Ray (Chrono Boost)  
  28  4:22  Stalker x2  
  32  4:49  Stalker  
  32  4:50  Stalker  
  32  4:52  Probe  
  37  5:04  Gateway, Nexus  
  37  5:08  Pylon  
  37  5:09  Probe  
  38  5:26  Void Ray  
  42  5:34  Probe  
  43  5:37  Stalker  
  43  5:38  Stalker  
  47  5:52  Pylon  
  47  6:08  Pylon  
  47  6:10  Probe  
  48  6:15  Stalker x2  
  48  6:16  Stalker  
  54  6:19  Probe  
  55  6:35  Probe  
  55  6:36  Probe  
  57  6:48  Probe x2  
  59  7:01  Probe x2  
  61  7:06  Twilight Council  
  61  7:07  Stalker x3  
  67  7:14  Probe  
  63  7:16  Pylon  
  53  7:29  Pylon  
  52  7:37  Void Ray (Chrono Boost)  
  49  8:16  Nexus  
  32  8:46  Pylon  
  26  8:51  Forge  
  14  9:30  Photon Cannon  
Tags
 
Add a new tag
Caveats
  • Supply blocks, unpowered buildings, or Contaminate may cause inaccurate times.
  • Supply counts are checked every 10 seconds.